AoeStats
← StuRat

Arena

509666990Analyzed
3v3 RM · 4d ago on Sep 27, 2026· 57m 50s· 6 players
Game mode
Random Map
Map size
Normal (6 player)
Population
200
Speed
Normal
Resources
Standard
Victory
Conquest
Starting age
Dark Age
Ending age
Imperial Age
RankedLock teamsTeams togetherTeam positionsShared explorationLock speedFull tech treeHidden civsTurbo modeCheats
Victory
Defeat
🇮🇳 Italians · India
1166
+14
🇮🇳 Jurchens · India
1099
+17
🇮🇳 Bohemians · India
1000
+20
🇩🇪 Inca · Germany
1141
-18
🇬🇧 Franks · United Kingdom
1103
-17
🇺🇸 Wu · United States
1086
-16
StuRat
10:54 Feudal Age
9:22 Loom
14:57 Castle Age
14:08 Double-Bit Axe
14:15 Stone Mining
16:40 Bow Saw
23:33 Scale Mail Armor
23:45 Forging
24:47 Chain Mail Armor
28:26 Wheelbarrow
27:45 Gold Mining
29:14 Gold Shaft Mining
28:48 Town Watch
34:09 Imperial Age
32:52 Iron Casting
34:19 Ballistics
34:17 Masonry
35:27 Plate Mail Armor
35:58 Blast Furnace
34:42 Elite Throwing Axeman
36:39 Conscription
37:55 Fortified Wall
38:38 Treadmill Crane
39:31 Architecture
39:27 Hand Cart
44:27 Murder Holes
44:25 Fletching
45:32 Bodkin Arrow
45:46 Siege Engineers
47:12 Guard Tower
50:59 Chemistry
55:44 Scale Barding Armor
Lasse07027776
10:52 Feudal Age
12:22 Loom
14:49 Castle Age
14:38 Horse Collar
16:09 Padded Archer Armor
18:07 Loom
21:20 Loom
22:38 Thumb Ring
27:48 Andean Sling
28:13 Double-Bit Axe
29:26 Scale Mail Armor
30:33 Wheelbarrow
31:13 Ballistics
34:28 Imperial Age
31:45 Town Watch
32:34 Scale Mail Armor
33:01 Heavy Plow
32:53 Stone Mining
32:55 Gold Mining
34:05 Squires
34:58 Murder Holes
43:47 Hand Cart
55:46 Treadmill Crane
56:30 Bow Saw
57:11 Arson
58:30 Conscription
ShadedKnight
10:59 Feudal Age
11:51 Loom
15:18 Castle Age
13:57 Stone Mining
14:11 Double-Bit Axe
14:54 Horse Collar
16:51 Fletching
18:43 Bodkin Arrow
20:35 Wheelbarrow
23:20 Bow Saw
25:49 Heavy Plow
25:58 Padded Archer Armor
26:42 Gold Mining
27:17 Ballistics
27:36 Red Cliffs Tactics
28:56 Murder Holes
28:42 Treadmill Crane
29:00 Murder Holes
29:16 Masonry
29:31 Leather Archer Armor
30:07 Gold Shaft Mining
30:44 Pikeman
31:25 Scale Mail Armor
31:36 Forging
34:22 Chain Mail Armor
34:42 Iron Casting
37:33 Imperial Age
35:24 Hand Cart
35:27 Squires
37:50 Halberdier
38:18 Arson
39:05 Plate Mail Armor
38:36 Bracer
39:37 Blast Furnace
40:23 Chemistry
39:54 Architecture
40:32 Conscription
39:35 Elite Fire Archer
41:44 Town Watch
42:51 Coinage
49:23 Bloodlines
49:46 Light Cavalry
50:26 Husbandry
50:34 Scale Barding Armor
50:49 Hussar
52:25 Chain Barding Armor
ANGELSK3956
9:29 Loom
11:17 Feudal Age
12:09 Double-Bit Axe
15:01 Castle Age
13:25 Horse Collar
16:54 Bow Saw
17:37 Bow Saw
19:41 Wheelbarrow
19:52 Loom
22:28 Heavy Plow
25:00 Gold Mining
26:11 Hand Cart
25:42 Town Watch
31:13 Imperial Age
30:32 Town Patrol
30:43 Scale Barding Armor
30:49 Forging
30:44 Husbandry
31:18 Masonry
31:39 Bloodlines
32:17 Ballistics
31:30 Light Cavalry
33:21 Stone Mining
33:57 Chain Barding Armor
34:35 Iron Casting
35:25 Plate Barding Armor
34:41 Fletching
34:52 Padded Archer Armor
34:54 Hussar
37:54 Blast Furnace
39:11 Conscription
39:06 Bodkin Arrow
39:11 Padded Archer Armor
40:15 Chemistry
39:55 Bracer
41:49 Two-Man Saw
40:50 Scale Mail Armor
41:07 Leather Archer Armor
41:25 Architecture
40:43 Elite Genoese Crossbowman
43:09 Crop Rotation
43:35 Guilds
45:40 Squires
46:36 Chain Mail Armor
47:26 Stone Shaft Mining
47:56 Hoardings
50:46 Elite Skirmisher
51:31 Thumb Ring
51:47 Fortified Wall
51:33 Murder Holes
57:58 Plate Mail Armor
58:02 Ring Archer Armor
Sythe
10:16 Feudal Age
8:42 Loom
14:30 Castle Age
12:49 Double-Bit Axe
12:51 Horse Collar
14:43 Wheelbarrow
15:36 Bow Saw
16:04 Heavy Plow
21:58 Gold Mining
28:46 Imperial Age
26:02 Loom
29:51 Bloodlines
29:42 Husbandry
29:03 Elite Steppe Lancer
29:55 Forging
29:51 Scale Barding Armor
32:57 Hand Cart
33:18 Iron Casting
33:04 Chain Barding Armor
41:21 Blast Furnace
41:51 Chain Barding Armor
43:44 Plate Barding Armor
44:38 Chemistry
43:45 Siege Engineers
43:42 Padded Archer Armor
44:02 Capped Ram
47:24 Thunderclap Bombs
46:43 Light Cavalry
48:34 Hussar
ajithramsriii
12:20 Feudal Age
17:01 Castle Age
15:03 Double-Bit Axe
42:28 Horse Collar
52:31 Pikeman
Connection lost

Rejoining the realm…

Still unreachable

The connection could not be restored.

Session expired

The server has moved on; the page needs a fresh start.